 Dungeon Crawl Stone Soup version 0.19.0-19-g8c6edcc (webtiles) character file.

15295 Naow the Cleaver (level 12, -2/162 HPs)
             Began as a Minotaur Berserker on Nov 15, 2016.
             Was a High Priest of Trog.
             Killed from afar by an electric eel (8 damage)
             ... with a bolt of electricity
             ... on level 12 of the Dungeon.
             The game lasted 00:21:28 (11285 turns).

Naow the Cleaver (Minotaur Berserker)              Turns: 11285, Time: 00:21:30

Health: -2/162     AC: 26    Str: 25    XL:     12   Next: 0%
Magic:  11/11      EV:  2    Int: 11    God:    Trog [*****.]
Gold:   740        SH:  0    Dex: 10    Spells: 0 memorised, 11 levels left

rFire  . . .     SeeInvis .     L - +1 battleaxe
rCold  . . .     Gourm    .     (armour currently unavailable)
rNeg   + + +     Faith    .     (shield currently unavailable)
rPois  +         Spirit   .     (helmet currently unavailable)
rElec  .         Reflect  .     (cloak currently unavailable)
rCorr  .         Harm     .     (gloves currently unavailable)
MR     .....     NoTele   +     (boots currently unavailable)
Stlth  +.........               (no amulet)
                                (no ring)
                                (no ring)

@: brilliant, exhausted, tree-form (expiring), slowed, invisible, very slow
A: (retaliatory headbutt), (horns 0)
a: Berserk, Trog's Hand, Brothers in Arms, Burn Spellbooks, Renounce Religion


You were on level 12 of the Dungeon.
You worshipped Trog.
Trog was extremely pleased with you.
You were very hungry.
You were a tree.
You visited 1 branch of the dungeon, and saw 12 of its levels.

You collected 740 gold pieces.

Inventory:

Hand Weapons
 L - a +1 battleaxe (weapon)
Armour
 r - a +1 plate armour (melded)
 N - a cursed +0 chain mail
 O - a +0 pair of boots (melded)
 Q - a +2 pair of gloves (melded)
Jewellery
 a - an uncursed ring of protection from fire {unknown}
Wands
 F - a wand of disintegration (10/24)
 K - a wand of iceblast (6/15)
 P - a wand of lightning (7/15)
 S - a wand of teleportation (6/9)
Scrolls
 f - 2 scrolls of amnesia
 g - 3 scrolls of fog
 h - 8 scrolls of identify
 j - a scroll of fear
 m - 8 scrolls of teleportation
 n - 9 scrolls of remove curse {unknown}
 q - a scroll of blinking
 v - 2 scrolls of enchant armour
 y - 2 scrolls of magic mapping
Potions
 d - 2 potions of cure mutation
 e - 3 potions of brilliance
 i - 2 potions of curing {unknown}
 k - 2 potions of resistance
 s - a potion of flight {unknown}
 t - a potion of invisibility
 w - a potion of magic {unknown}
 z - 4 potions of lignification
 D - 2 potions of might {unknown}
 J - a potion of degeneration {unknown}
 R - 2 potions of berserk rage
 T - a potion of ambrosia {unknown}
Comestibles
 c - 7 bread rations
 l - 9 meat rations
 A - 6 beef jerkies
 E - 4 slices of pizza
 I - a fruit


   Skills:
 + Level 10.9 Fighting
 * Level 14.6 Axes
 + Level 10.8 Armour
 + Level 9.9 Dodging


You had 11 spell levels left.
You didn't know any spells.

Dungeon Overview and Level Annotations

Branches:
Dungeon (12/15)            Temple (0/1) D:5            Lair (0/6) D:8
    Orc (0/2) D:10

Altars:
Dithmenos
Elyvilon
Kikubaaqudgha
Nemelex Xobeh
Okawaru
Qazlal
Ru
Trog
Yredelemnul
Zin


Innate Abilities, Weirdness & Mutations

((You reflexively headbutt those who attack you in melee.))
((You have a pair of horns on your head.))


Message History

The bolt of electricity hits your ogre. The bolt of electricity hits you!
* * * LOW HITPOINT WARNING * * *
A hound comes into view.
Your ogre completely misses the electric eel.
The electric eel shoots out a bolt of lightning at you!
The bolt of electricity hits your ogre. The bolt of electricity hits you!
* * * LOW HITPOINT WARNING * * *
It was a potion of invisibility.
You fade into invisibility!
Your ogre barely misses the electric eel.
The electric eel shoots out a bolt of lightning at you!
The bolt of electricity hits your ogre. The bolt of electricity hits you!
* * * LOW HITPOINT WARNING * * *
Your ogre misses the electric eel.
The electric eel shoots out a bolt of lightning at you!
The bolt of electricity hits your ogre.
Your ogre dies!
Your ogre's corpse disappears in a puff of smoke!
Helpless, you fail to dodge the bolt of electricity.
You die...

.≈.≈.≈.....≈.≈.≈.
≈.≈.≈..>≈.≈.......
.≈.≈.≈.......≈.≈.≈
≈.≈.≈.≈.≈.≈.≈...≈.≈.≈#
.≈.≈(≈.)h)†≈.≈.≈.≈.≈.#
≈.≈.≈.≈(≈)≈.≈...≈.≈.≈#
.≈.≈.≈..().≈.≈.≈.≈.≈.#
≈.≈.≈.;§†(†)....≈.≈.≈#
.........[♣≈.≈.≈.≈.≈.######
≈.≈(≈..((.....≈.≈.≈........
.......≈.?.≈...≈.≈...######
≈.≈.≈(≈.≈.≈.≈.≈.≈.≈........
......(....≈...≈.≈.≈.######
.≈.≈.≈.≈.≈.≈.≈.≈..........
###########.###.#########
#.# #.# #.###.#


You could see a hound and an electric eel.

Vanquished Creatures
  Snorg (D:10)
  An unseen horror (D:10)
  A hill giant (D:11)
  A cyclops (D:11)
  A manticore (D:11)
  Joseph (D:8)
  A komodo dragon (D:8)
  2 two-headed ogres
  A hornet (D:7)
  4 hippogriffs
  2 shadows (D:11)
  A water elemental (D:12)
  A wyvern (D:10)
  21 yaks
  2 hungry ghosts
  A steam dragon (D:12)
  2 vampire mosquitoes (D:12)
  A hornet zombie (D:12)
  2 sky beasts
  3 ice beasts
  3 orc warriors
  An eye of draining (D:8)
  3 phantoms
  2 necrophages
  8 ogres
  7 centaurs
  A crocodile (D:9)
  A big kobold (D:6)
  2 gnoll sergeants (D:6)
  9 bullfrogs
  A water moccasin zombie (D:6)
  A wyvern skeleton (D:11)
  3 scorpions
  A water moccasin skeleton (D:11)
  11 wights
  2 electric eels
  A howler monkey (D:7)
  3 crimson imps
  8 hounds
  A centaur skeleton (D:11)
  15 orc priests
  A bullfrog skeleton (D:7)
  3 gnoll shamans
  2 iguanas
  16 orc wizards
  7 worker ants
  A hound skeleton (D:4)
  3 worker ant zombies
  16 gnolls
  14 adders
  3 shadow imps
  2 adder skeletons
  3 worms
  A dart slug (D:1)
  6 leopard geckos
  71 orcs
  2 bat zombies (D:7)
  4 giant cockroaches
  7 goblins
  14 hobgoblins
  3 jackals (D:7)
  2 quokkas
  A ball python (D:5)
  7 bats
  4 frilled lizards
  12 kobolds
  2 leopard gecko skeletons
  6 rats
  A rat zombie (D:7)
  A spectral orc (D:7)
349 creatures vanquished.

Vanquished Creatures (collateral kills)
  A gargoyle (D:12)
  2 yaks (D:12)
  A necrophage (D:12)
  3 centaurs (D:12)
  An electric eel (D:10)
8 creatures vanquished.

Vanquished Creatures (others)
  A plant (D:8)
1 creature vanquished.

Grand Total: 358 creatures vanquished

Notes
Turn   | Place    | Note
-------+----------+-------------------------------------------
     0 | D:1      | Naow the Minotaur Berserker began the quest for the Orb.
     0 | D:1      | Reached XP level 1. HP: 19/19 MP: 0/0
    89 | D:1      | Reached XP level 2. HP: 17/27 MP: 1/1
   297 | D:1      | Reached skill level 4 in Axes
  1248 | D:2      | Reached XP level 3. HP: 33/33 MP: 2/2
  1362 | D:2      | Reached ** piety under Trog
  1362 | D:2      | Reached skill level 5 in Axes
  1507 | D:2      | Reached XP level 4. HP: 23/40 MP: 3/3
  1580 | D:2      | HP: 3/60 [adder (3)]
  1585 | D:2      | HP: 3/60 [poisoned by an adder]
  1598 | D:2      | HP: 2/40 [poisoned by an adder]
  1604 | D:2      | HP: 1/40 [poisoned by an adder]
  2427 | D:3      | Found a white marble altar of Elyvilon.
  2861 | D:3      | Reached XP level 5. HP: 42/46 MP: 4/4
  3023 | D:4      | Noticed a phantom
  3033 | D:4      | Killed a phantom
  3033 | D:4      | Reached skill level 6 in Axes
  3153 | D:4      | Reached XP level 6. HP: 53/53 MP: 5/5
  3299 | D:4      | HP: 3/79 [gnoll/halberd (5)]
  3833 | D:5      | Entered Level 5 of the Dungeon
  4014 | D:5      | Reached skill level 5 in Fighting
  4014 | D:5      | Reached skill level 7 in Axes
  4014 | D:5      | Reached XP level 7. HP: 39/61 MP: 6/6
  4209 | D:5      | Found a stormy altar of Qazlal.
  4210 | D:5      | Found an iron altar of Okawaru.
  4213 | D:5      | Found a staircase to the Ecumenical Temple.
  4289 | D:5      | Found a sacrificial altar of Ru.
  4492 | D:5      | Found a bloodstained altar of Trog.
  4621 | D:5      | Found a shadowy altar of Dithmenos.
  4624 | D:5      | Reached skill level 5 in Armour
  4648 | D:6      | Reached *** piety under Trog
  4676 | D:6      | Reached skill level 8 in Axes
  4676 | D:6      | Reached skill level 5 in Dodging
  4686 | D:6      | Reached XP level 8. HP: 46/70 MP: 7/7
  4935 | D:6      | Reached skill level 9 in Axes
  5408 | D:6      | Reached XP level 9. HP: 79/79 MP: 8/8
  5433 | D:6      | Reached **** piety under Trog
  5434 | D:6      | Reached skill level 10 in Axes
  6129 | D:7      | Found a basalt altar of Yredelemnul.
  6176 | D:7      | Reached skill level 11 in Axes
  6200 | D:7      | Paralysed by a hornet for 3 turns
  6334 | D:7      | Found an ancient bone altar of Kikubaaqudgha.
  6845 | D:7      | Reached XP level 10. HP: 90/90 MP: 9/9
  7079 | D:8      | Reached ***** piety under Trog
  7265 | D:8      | Found a sparkling altar of Nemelex Xobeh.
  7420 | D:8      | Noticed Joseph
  7426 | D:8      | Killed Joseph
  7456 | D:8      | Reached skill level 12 in Axes
  7761 | D:8      | Found a staircase to the Lair.
  8324 | D:9      | Received a gift from Trog
  8531 | D:9      | Found a glowing silver altar of Zin.
  8872 | D:10     | Entered Level 10 of the Dungeon
  8882 | D:10     | Reached skill level 13 in Axes
  8884 | D:10     | Reached XP level 11. HP: 74/99 MP: 10/10
  8940 | D:10     | Noticed Snorg
  8950 | D:10     | Killed Snorg
  9182 | D:10     | Reached skill level 10 in Fighting
  9210 | D:10     | Found an iron altar of Okawaru.
  9246 | D:10     | Killed an unseen horror
  9367 | D:10     | Reached skill level 10 in Armour
  9438 | D:10     | Found a staircase to the Orcish Mines.
  9498 | D:10     | Received a gift from Trog
 10080 | D:11     | Reached skill level 14 in Axes
 10555 | D:11     | Noticed a hill giant
 10568 | D:11     | Killed a hill giant
 11282 | D:12     | Reached XP level 12. HP: 14/108 MP: 11/11
 11282 | D:12     | HP: 2/162 [electric eel/bolt of electricity (12)]
 11285 | D:12     | Killed from afar by an electric eel

Skill      XL: |  1  2  3  4  5  6  7  8  9 10 11 |
---------------+----------------------------------+-----
Axes           | 4 5 6 7 8 9 11 13 14 | 14.6
Dodging        | 3 4 5 6 7 8 9 |  9.9
Fighting       | 4 5 7 8 9 10 | 10.9
Armour         | 3 4 5 6 8 9 10 | 10.8

Action                   |  1- 3 |  4- 6 |  7- 9 | 10-12 || total
-------------------------+-------+-------+-------+-------++-------
Melee: Hand axe          |    78 |   161 |   282 |       ||   521
       Headbutt          |     9 |    34 |    64 |    61 ||   168
       Battleaxe         |       |       |    62 |   415 ||   477
Invok: Berserk           |       |     3 |     7 |     5 ||    15
       Trog's Hand       |       |     1 |     1 |     2 ||     4
       Brothers in Arms  |       |       |       |     3 ||     3
Evoke: Wand              |       |       |       |     1 ||     1
  Use: Scroll            |       |       |       |    12 ||    12
       Potion            |       |       |       |     7 ||     7
 Stab: Paralysed         |       |       |     2 |       ||     2
  Eat: Chunk             |     2 |    11 |    16 |    23 ||    52
       Beef jerky        |       |       |       |     1 ||     1
Armor: Animal skin       |    14 |     6 |       |       ||    20
       Plate armour      |       |    72 |   171 |   261 ||   504
       Skin              |       |       |       |    48 ||    48
Dodge: Dodged            |    57 |    57 |   155 |   194 ||   463
